[Event "Late-Titled-Tuesday-Blitz-January-30-2024"]
[Site "Chess.com"]
[Date "2024.01.30"]
[Round "5"]
[White "subham777"]
[Black "YurasovMat-2012"]
[Result "0-1"]
[WhiteElo "2491"]
[BlackElo "2668"]
[TimeControl "180+1"]
[EndTime "14:56:14 PST"]
[Termination "YurasovMat-2012 won on time"]

1. e4 e5 2. Nf3 Nf6 3. Nxe5 d6 4. Nf3 Nxe4 5. Nc3 Nxc3 6. dxc3 Be7 7. Be3 Nd7 8. Qd2 Nf6 9. O-O-O O-O 10. Kb1 c5 11. h3 d5 12. g4 Be6 13. Bg2 Qb6 14. Ng5 h6 15. Nxe6 fxe6 16. Rhe1 Rad8 17. Bxh6 gxh6 18. Qxh6 Kf7 19. g5 Rh8 20. g6+ Kg8 21. Qe3 Rd6 22.
f4 Rh5 23. Qg3 Kg7 24. Bf3 Rf5 25. Bg4 Ne4 26. Qe3 Bf6 27. Ka1 Qa5 28. Qxe4 dxe4 29.
Rxd6 Rxf4 30. Rd7+ Kxg6 31. Rg1 Bg5 32. Bxe6 Qb5 33. c4 Qc6 34. Rgd1 Qxe6 35. R7d6 Qxd6 36. Rxd6+ Rf6 37. Rxf6+ Kxf6 38. Kb1 e3 0-1

[Event "Late-Titled-Tuesday-Blitz-January-30-2024"]
[Site "Chess.com"]
[Date "2024.01.30"]
[Round "5"]
[White "winniethepooh04"]
[Black "alexgo05"]
[Result "0-1"]
[WhiteElo "2526"]
[BlackElo "2387"]
[TimeControl "180+1"]
[EndTime "14:56:18 PST"]
[Termination "alexgo05 won by resignation"]

1. d4 Nf6 2. Nf3 c6 3. Bf4 d5 4.
e3 Bf5 5. Bd3 e6 6. Nbd2 Bxd3 7.
cxd3 Be7 8. h3 Nbd7 9. O-O O-O 10. Rc1 Qb6 11. Qb3 Qa6 12. Ne5 Nxe5 13. Bxe5 Nd7 14.
Bg3 c5 15. a3 cxd4 16. exd4 Bg5 17. Rc7 Nb6 18. Nf3 Bd8 19. Rc2 Be7 20. Rfc1 Rac8 21. Rxc8 Rxc8 22. Rxc8+ Nxc8 23. Qc3 Qc6 24. Qxc6 bxc6 25.
Ne5 c5 26. dxc5 Bxc5 27. b4 Bd6 28. a4 Bxb4 29. Nc6 Bc5 30. d4 Ba3 31. Nxa7 Nxa7 32.
a5 Bb4 33. a6 Ba5 34. Kf1 Bb6 35. Ke2 Bxd4 36. Kd3 Bb6 37. Be5 Kf8 38. Bd4 Bxd4 39. Kxd4 Ke7 40. Kc5 Kd7 41. Kb6 Nc8+ 42. Kc5 f6 43. f4 g5 44. g3 gxf4 45. gxf4 h6 46. h4 h5 47. Kb5 Kd6 48. Kb4 Na7 49. Ka5 e5 50. Kb6 Nc8+ 51. Kb7 Kd7 52. fxe5 fxe5 53. Kb8 d4 54. Ka8 d3 55. a7 Nxa7 56. Kb7 d2 57. Ka8 d1=Q 58. Kb8 e4 59. Ka8 e3 60. Kb8 Nc6+ 61. Ka8 Ne5 62. Kb7 Ng4 63. Ka7 e2 64. Kb7 e1=Q 0-1

[Event "Late-Titled-Tuesday-Blitz-January-30-2024"]
[Site "Chess.com"]
[Date "2024.01.30"]
[Round "5"]
[White "RianKapriaga"]
[Black "RodokininEV"]
[Result "0-1"]
[WhiteElo "2345"]
[BlackElo "2640"]
[TimeControl "180+1"]
[EndTime "14:56:18 PST"]
[Termination "RodokininEV won on time"]

1. d4 Nf6 2. Nf3 e6 3. Bf4 Bd6 4. Bg3 O-O 5. e3 b6 6. Nbd2 Bb7 7.
Bd3 Nc6 8. O-O Qe7 9. Bxd6 cxd6 10. e4 e5 11. d5 Nd8 12. Qe2 Nh5 13. g3 g6 14. a4 f6 15. a5 Nf7 16. a6 Bc8 17. Ra3 Ng7 18. Rc3 f5 19. Ra1 f4 20.
Kh1 Nh8 21. g4 g5 22. Rg1 Ng6 23. Rg2 h6 24. Bb5 Ne8 25. h4 Kg7 26. hxg5 hxg5 27. Kg1 Rh8 28. Rh2 Rxh2 29. Nxh2 Nf6 30. Rh3 Qd8 31. Qc4 Ng8 32. Ndf3 Nh6 33. Rh5 Nf7 34. Kg2 Nf8 35. Kg1 Rb8 36. Kg2 Bxa6 0-1

[Event "Late-Titled-Tuesday-Blitz-January-30-2024"]
[Site "Chess.com"]
[Date "2024.01.30"]
[Round "5"]
[White "Hikaru"]
[Black "Sebastian"]
[Result "1-0"]
[WhiteElo "3295"]
[BlackElo "2952"]
[TimeControl "180+1"]
[EndTime "14:56:22 PST"]
[Termination "Hikaru won by resignation"]

1. e4 e5 2. Bc4 Nf6 3. d3 Nc6 4. Nc3 Bc5 5. h3 O-O 6. Nge2 d6 7. O-O a6 8. a4 Be6 9. Ng3 Bxc4 10. dxc4 Nd4 11.
Bg5 Ne6 12. Bd2 Nd7 13. Kh2 g6 14. Nce2 Re8 15. a5 c6 16. b4 Ba7 17. c3 Qe7 18. Qc2 Rad8 19. Rad1 h5 20. Qc1 Nf6 21. Be3 Bxe3 22. Qxe3 h4 23. Nh1 Nh5 24. Rd2 Qg5 25.
Qxg5 Nxg5 26. f3 Kf8 27. Nf2 Ne6 28. Nd1 Ke7 29. Ne3 Nhf4 30. Rb1 Nxe2 31. Rxe2 Rh8 32. Ng4 f5 33. Nf2 Kf6 34. Nd3 Rhe8 35. b5 axb5 36.
cxb5 Ra8 37. Ra2 cxb5 38. Rxb5 Re7 39. Rb6 Rd7 40. Ra4 Rc8 41. exf5 gxf5 42. Rxh4 Rxc3 43. Rh6+ Kg5 44. Nxe5 dxe5 45. Rbxe6 Rd5 46. Kg3 f4+ 47. Kh2 1-0

[Event "Late-Titled-Tuesday-Blitz-January-30-2024"]
[Site "Chess.com"]
[Date "2024.01.30"]
[Round "5"]
[White "ATM622"]
[Black "Siniauski"]
[Result "0-1"]
[WhiteElo "2460"]
[BlackElo "2620"]
[TimeControl "180+1"]
[EndTime "14:56:22 PST"]
[Termination "Siniauski won on time"]

1. d4 Nf6 2. c4 e6 3. g3 d5 4. Bg2 Bb4+ 5. Nd2 O-O 6. Qc2 c5 7. cxd5 exd5 8. Nf3 Nc6 9. dxc5 Re8 10. e3 d4 11. O-O dxe3 12. fxe3 Rxe3 13. Nb3 Qd3 14. Qxd3 Rxd3 15. Ne1 Bxe1 16. Rxe1 Be6 17. Nd2 Nd4 18.
Ne4 Nc2 19. Nxf6+ gxf6 20. Bxb7 Rb8 21. c6 Nxe1 22. Bf4 Nc2 23. Rc1 Nd4 24. Bxb8 Ne2+ 25. Kf2 Nxc1 26. c7 Rd2+ 27. Ke3 Rxb2 28. Bc6 Nxa2 29. Bb7 Rxb7 0-1

[Event "Late-Titled-Tuesday-Blitz-January-30-2024"]
[Site "Chess.com"]
[Date "2024.01.30"]
[Round "5"]
[White "JSPrepz"]
[Black "Arteler"]
[Result "1-0"]
[WhiteElo "2859"]
[BlackElo "2575"]
[TimeControl "180+1"]
[EndTime "14:56:23 PST"]
[Termination "JSPrepz won by resignation"]

1. e4 e6 2. Nf3 d5 3. e5 c5 4.
b4 b6 5. a3 Nc6 6. c3 d4 7. Bd3 Nge7 8. O-O Bb7 9. Be4 Nd5 10.
Re1 Be7 11. c4 Nc7 12. b5 Na5 13. d3 Bxe4 14. Rxe4 a6 15. a4 axb5 16. axb5 Nxc4 17. Rxa8 Qxa8 18. Rg4 Na5 19. Rxg7 Nxb5 20. Ng5 Bxg5 21. Bxg5 Nc6 22. Qh5 Nxe5 23. Nd2 Ng6 24. h3 Nd6 25.
Rxh7 Rxh7 26. Qxh7 Qd5 27. Qg8+ Kd7 28. h4 Ne7 29.
Qb8 Nc6 30. Qf8 b5 31. Ne4 c4 32. Nf6+ Kc7 33. Nxd5+ exd5 34. Bf4 1-0

[Event "Late-Titled-Tuesday-Blitz-January-30-2024"]
[Site "Chess.com"]
[Date "2024.01.30"]
[Round "5"]
[White "SnekkerAndersen"]
[Black "Binary010"]
[Result "1-0"]
[WhiteElo "2642"]
[BlackElo "2892"]
[TimeControl "180+1"]
[EndTime "14:56:25 PST"]
[Termination "SnekkerAndersen won on time"]

1. d4 Nf6 2. c4 e6 3. Nf3 d5 4. Nc3 h6 5. cxd5 exd5 6. Bf4 Bb4 7.
e3 Ne4 8. Qc2 Bf5 9. Bd3 g5 10.
Bg3 h5 11. h4 g4 12. Ne5 Bxc3+ 13. bxc3 f6 14. Bxe4 Bxe4 15. Nd3 Nd7 16. O-O c5 17.
Qd2 c4 18. Nf4 Nf8 19. f3 gxf3 20. gxf3 Bh7 21. e4 dxe4 22. fxe4 Bxe4 23. Rae1 f5 24. Rxe4+ fxe4 25. Re1 Qd7 26. Rxe4+ Kd8 27. Re5 Qg4 28. Rg5 Qf3 29. Qe1 Rh7 30. Ne6+ Nxe6 31. Qxe6 Qf7 32.
Rg8+ 1-0

[Event "Late-Titled-Tuesday-Blitz-January-30-2024"]
[Site "Chess.com"]
[Date "2024.01.30"]
[Round "5"]
[White "rquery98"]
[Black "a-z30"]
[Result "1-0"]
[WhiteElo "2730"]
[BlackElo "2523"]
[TimeControl "180+1"]
[EndTime "14:56:27 PST"]
[Termination "rquery98 won by checkmate"]

1. Nf3 d5 2. g3 c6 3. Bg2 g6 4.
c4 Bg7 5. O-O e5 6. d3 Ne7 7. e4 O-O 8. Nc3 dxc4 9. dxc4 Qxd1 10. Rxd1 Be6 11. b3 Na6 12. Ng5 Bc8 13. Be3 h6 14. Nf3 Be6 15. Rd2 Rfe8 16. Rad1 f5 17. Rd6 Kf7 18. h4 Nc7 19. Bc5 Bf6 20. Ne1 b6 21. Be3 f4 22. Bc1 g5 23. Bf3 g4 24.
Bg2 f3 25. Bf1 h5 26. Nc2 Na6 27. c5 Nxc5 28. b4 Nb7 29. Rxe6 Kxe6 30. Bc4+ Nd5 31. exd5+ Kf5 32. dxc6 Nd8 33. c7 Ne6 34. Bd3+ e4 35. Bxe4+ Ke5 36. Rd5# 1-0

[Event "Late-Titled-Tuesday-Blitz-January-30-2024"]
[Site "Chess.com"]
[Date "2024.01.30"]
[Round "5"]
[White "Jospem"]
[Black "ChessSkool"]
[Result "1-0"]
[WhiteElo "3061"]
[BlackElo "2713"]
[TimeControl "180+1"]
[EndTime "14:56:30 PST"]
[Termination "Jospem won on time"]

1. e4 c6 2. d4 d5 3. e5 Bf5 4. h4 h5 5. Bd3 Bxd3 6. Qxd3 Qa5+ 7.
b4 Qa6 8. e6 Qxd3 9. cxd3 fxe6 10. Nd2 Nh6 11. Ndf3 Nf5 12. Nh3 a5 13. bxa5 g6 14. Nf4 Rxa5 15. Nxe6 Na6 16. O-O Bg7 17. Re1 Ra4 18. Nxg7+ Nxg7 19. Rb1 Rb4 20. Bd2 Rxb1 21. Rxb1 b5 22. a4 Nc7 23. Bf4 Nge6 24. Bxc7 Nxc7 25.
Ne5 O-O 26. a5 Ra8 27. Nxc6 Kf7 28. Rc1 Ne6 29. Ra1 Ra6 30. Nb4 Ra7 31. Nxd5 Nxd4 32. Nb4 Nb3 33. Nc6 Nxa1 34. Nxa7 b4 35. Nb5 b3 36. a6 1-0

[Event "Late-Titled-Tuesday-Blitz-January-30-2024"]
[Site "Chess.com"]
[Date "2024.01.30"]
[Round "5"]
[White "Chempiblinka"]
[Black "Chesstrainer1"]
[Result "1-0"]
[WhiteElo "2322"]
[BlackElo "2494"]
[TimeControl "180+1"]
[EndTime "14:56:31 PST"]
[Termination "Chempiblinka won on time"]

1. Nf3 Nf6 2. c4 Nc6 3. g3 e5 4. d3 d5 5. cxd5 Nxd5 6. Bg2 Be7 7. Nc3 Nb6 8. O-O O-O 9. a4 a5 10. d4 Nxd4 11. Nxe5 Bf6 12. Nd3 c6 13. Ne4 Bg4 14.
Nxf6+ Qxf6 15. Nf4 Rad8 16. Bd2 Nc4 17. Bc3 Rfe8 18.
h3 g5 19. hxg4 gxf4 20. Qd3 Ne5 21. Bxd4 Rxd4 22. Qf5 Qxf5 23. gxf5 fxg3 24. fxg3 Rd2 25. Rfe1 Nc4 26. Bf3 Rxb2 27. Rab1 Rxb1 28. Rxb1 Re7 29. Kf2 Nd2 30. Rd1 Nxf3 31. exf3 h5 32. f6 Re6 33.
Rd8+ Kh7 34. Rd7 Rxf6 35. Rxb7 Rf5 36. Rc7 Rc5 37. Rxf7+ Kg6 38. Ra7 1-0

[Event "Late-Titled-Tuesday-Blitz-January-30-2024"]
[Site "Chess.com"]
[Date "2024.01.30"]
[Round "5"]
[White "Njal28"]
[Black "vladislavkovalev"]
[Result "1-0"]
[WhiteElo "3049"]
[BlackElo "2878"]
[TimeControl "180+1"]
[EndTime "14:56:32 PST"]
[Termination "Njal28 won by resignation"]

1. d4 Nf6 2. c4 e6 3. Nc3 Bb4 4.
e3 O-O 5. a3 Bxc3+ 6. bxc3 d6 7. Ne2 c5 8. Ng3 Nc6 9. Ra2 b6 10. e4 cxd4 11. cxd4 Ba6 12. Bg5 h6 13. h4 Na5 14. Rd2 Re8 15. e5 hxg5 16. hxg5 Nh7 17. Qh5 Qxg5 18. Qxh7+ Kf8 19. exd6 f5 20. Rh5 Qf6 21. d7 Red8 22. Nxf5 Rxd7 23. Qh8+ Kf7 24. Qxa8 exf5 25. Rh8 Re7+ 26. Be2 Kg6 27. Qg8 Bxc4 28. Rh6+ Kg5 29. Rh5+ Kf4 30. g3+ Ke4 31. Bxc4 Kf3+ 32. Be2+ Rxe2+ 33. Rxe2 Qxd4 34. Qa8+ Kg4 35. Rh4+ 1-0

[Event "Late-Titled-Tuesday-Blitz-January-30-2024"]
[Site "Chess.com"]
[Date "2024.01.30"]
[Round "5"]
[White "Doomfist26"]
[Black "vladoboch"]
[Result "0-1"]
[WhiteElo "2605"]
[BlackElo "2484"]
[TimeControl "180+1"]
[EndTime "14:56:32 PST"]
[Termination "vladoboch won by resignation"]

1. e4 e5 2. Nf3 Nc6 3. Bb5 a6 4. Ba4 Nf6 5. O-O b5 6. Bb3 Bc5 7. c3 d6 8. d4 Bb6 9. h3 O-O 10. Re1 h6 11. a4 Rb8 12. Be3 Re8 13. Nbd2 exd4 14. cxd4 Nb4 15. a5 Ba7 16. e5 Nfd5 17. Ne4 Nxe3 18. Rxe3 Bf5 19. Ng3 Bg6 20. e6 fxe6 21.
Rxe6 Rxe6 22. Bxe6+ Kh8 23. Qd2 Qf6 24. Bg4 Nd3 25. Rf1 Bxd4 26. Nh5 Bxh5 27. Bxh5 Nf4 28. Nxd4 Nxh5 29. Re1 c5 30. Nc6 Rf8 31. Ne7 Nf4 32.
Kh2 Qg5 33. g3 Nxh3 34. Qxg5 Nxg5 35. Ng6+ Kg8 36. Nxf8 Kxf8 37. f4 Nf3+ 0-1

[Event "Late-Titled-Tuesday-Blitz-January-30-2024"]
[Site "Chess.com"]
[Date "2024.01.30"]
[Round "5"]
[White "ACollins05"]
[Black "ARTHURMOTIVATOR"]
[Result "1-0"]
[WhiteElo "2449"]
[BlackElo "2259"]
[TimeControl "180+1"]
[EndTime "14:56:32 PST"]
[Termination "ACollins05 won on time"]

1. d4 Nf6 2. c4 c5 3. d5 g6 4.
Nc3 Bg7 5. e4 d6 6. h3 O-O 7. Bg5 b5 8. cxb5 a6 9. a4 Qa5 10. Bd2 Qb4 11. Bd3 c4 12. Bc2 e6 13.
Nge2 Qc5 14. Be3 Qc7 15. b6 Qb7 16. a5 exd5 17. Nxd5 Nxd5 18. Qxd5 Nc6 19. O-O Be6 20. Qd2 Rad8 21. Nd4 d5 22. Nxc6 Qxc6 23. e5 d4 24.
Bf4 d3 25. Ba4 Qd5 26. Rfe1 h6 27. Bd1 g5 28. Bf3 Qd7 29. Bg3 Bd5 30. Bxd5 Qxd5 31. f4 Rfe8 32. fxg5 Bxe5 33. Bxe5 Rxe5 34. Rxe5 Qxe5 35.
gxh6 Re8 36. Rf1 Qc5+ 37. Kh1 Qd5 38. Qf4 Kf8 39. Qg4 Re2 40. h7 Qe5 41. Qg8+ Ke7 42. h8=Q Qd5 43. Qf8+ 1-0

[Event "Late-Titled-Tuesday-Blitz-January-30-2024"]
[Site "Chess.com"]
[Date "2024.01.30"]
[Round "5"]
[White "ImportedItalianMaple"]
[Black "Alexei_Gubajdullin"]
[Result "0-1"]
[WhiteElo "2474"]
[BlackElo "2623"]
[TimeControl "180+1"]
[EndTime "14:56:34 PST"]
[Termination "Alexei_Gubajdullin won on time"]

1. e4 e5 2. Nc3 Nf6 3. Bc4 Bb4 4. Nf3 O-O 5. O-O d6 6. Nd5 Nxd5 7. Bxd5 c6 8. Bb3 Bg4 9. c3 Ba5 10. h3 Bh5 11. d4 Qe7 12. Bg5 Qe8 13. dxe5 dxe5 14. Qd6 Bxf3 15. gxf3 Na6 16. Be7 Bc7 17. Qa3 Qd7 18.
Bxf8 Rxf8 19. Kh2 Qd8 20. Rg1 Qf6 21. Rg3 Bb6 22. Kg2 Nc5 23. Rf1 Nd3 24. Bc4 Nf4+ 25. Kh2 Rd8 26. Qb3 Rd2 27. a4 g6 28. a5 Bxf2 29.
Rg4 Nh5 30. Rg2 Qf4+ 31. Kh1 Qxf3 0-1

[Event "Late-Titled-Tuesday-Blitz-January-30-2024"]
[Site "Chess.com"]
[Date "2024.01.30"]
[Round "5"]
[White "ScarpaChess"]
[Black "mightysmasher"]
[Result "0-1"]
[WhiteElo "2322"]
[BlackElo "2550"]
[TimeControl "180+1"]
[EndTime "14:56:35 PST"]
[Termination "mightysmasher won on time"]

1. e4 e6 2. d4 d5 3. Nc3 dxe4 4. Nxe4 Nd7 5. Nf3 Ngf6 6. Bg5 Be7 7. Ng3 O-O 8. Bd3 h6 9. Bd2 c5 10. c3 cxd4 11.
cxd4 b6 12. O-O Bb7 13. Qe2 Rc8 14. Rad1 Nd5 15. Rfe1 N7f6 16. Bb1 Qc7 17. Ne5 Ba8 18. f4 Qb7 19. f5 Bd6 20. fxe6 fxe6 21. Rf1 Rfe8 22.
Rf2 b5 23. Rdf1 b4 24. Nh5 Rf8 25. Ng6 Rf7 26. Bxh6 gxh6 27. Nxf6+ Nxf6 28. Rxf6 Rxf6 29. Rxf6 Rc1+ 30. Rf1 Rxf1+ 31. Kxf1 Qf7+ 32. Qf2 Qc7 33. Qf3 Bxf3 0-1

[Event "Late-Titled-Tuesday-Blitz-January-30-2024"]
[Site "Chess.com"]
[Date "2024.01.30"]
[Round "5"]
[White "TheCavemanChess"]
[Black "Kombinator01"]
[Result "1-0"]
[WhiteElo "2687"]
[BlackElo "2483"]
[TimeControl "180+1"]
[EndTime "14:56:36 PST"]
[Termination "TheCavemanChess won on time"]

1. Nf3 d5 2. g3 e6 3. Bg2 Nf6 4. O-O h6 5. c4 Bd6 6. d4 O-O 7. Nc3 Nc6 8. c5 Be7 9. Rb1 b6 10. b4 bxc5 11. bxc5 Rb8 12. Rxb8 Nxb8 13. Ne5 Nfd7 14. Nd3 Nc6 15. Qa4 Ndb8 16. e4 Ba6 17. exd5 Bxd3 18. Rd1 Nxd4 19. Rxd3 e5 20. Qxa7 Qc8 21. d6 Bd8 22. Be3 cxd6 23. cxd6 Qc4 24. Bf1 Nbc6 25. Qa4 Qe6 26. Nb5 Nxb5 27. Qxb5 Nd4 28.
Bxd4 exd4 29. Rxd4 Qxa2 30. d7 Qa7 31. Re4 Qb6 32.
Qd5 Qf6 33. Bc4 Bb6 34. Rf4 Qe7 35. Kg2 g6 36. Qc6 Bc5 37. Qxg6+ Kh8 38. Qxh6+ Kg8 39. Rg4+ 1-0

[Event "Late-Titled-Tuesday-Blitz-January-30-2024"]
[Site "Chess.com"]
[Date "2024.01.30"]
[Round "5"]
[White "VitaliyChayka"]
[Black "Chemim21"]
[Result "1-0"]
[WhiteElo "2424"]
[BlackElo "2237"]
[TimeControl "180+1"]
[EndTime "14:56:37 PST"]
[Termination "VitaliyChayka won by resignation"]

1. d4 d5 2. Bf4 e6 3. e3 c5 4. c3 Nc6 5. Nd2 Qb6 6. Rb1 a5 7. Ngf3 a4 8. a3 Nf6 9. Bd3 Bd7 10. O-O Be7 11. Ne5 Qd8 12. Bc2 O-O 13. Nxd7 Qxd7 14.
Bxa4 cxd4 15. cxd4 Bd6 16. Bxd6 Qxd6 17. Bc2 Rac8 18. Nf3 Rfe8 19. Qd3 Ne4 20. Rfc1 f5 21. Ba4 Re7 22. Ne5 Rec7 23. Bxc6 bxc6 24. f3 Nf6 25.
Rc5 Nd7 26. Nxd7 Qxd7 27. b4 Qd6 28. Rbc1 f4 29. e4 dxe4 30. Qxe4 Rd8 31. Rxc6 Rxc6 32. Rxc6 Qxd4+ 33. Qxd4 Rxd4 34. Rxe6 Rd1+ 35. Kf2 Ra1 36. Re2 Rxa3 37. Rb2 Ra7 38. b5 Kf7 39. Ke2 Ke6 40. Kd3 Kd5 41. b6 Rb7 42. Rb3 g5 43. Rb1 h5 44. Rb5+ Kc6 45. Rxg5 Kxb6 46. Ke4 Rf7 47. Rxh5 Rg7 48. Kxf4 Rxg2 49. Kf5 Kc6 50. f4 Kd7 51. Kf6 Kd6 52. f5 Rf2 53. Rh3 Kd7 54. Rh8 Rf3 55. Kg6 Ke7 56. Rh7+ Kf8 57. f6 Kg8 58. f7+ Kf8 59. Rh8+ Ke7 60. Re8+ 1-0

[Event "Late-Titled-Tuesday-Blitz-January-30-2024"]
[Site "Chess.com"]
[Date "2024.01.30"]
[Round "5"]
[White "Baby_Legs"]
[Black "Schattman"]
[Result "1/2-1/2"]
[WhiteElo "2603"]
[BlackElo "2455"]
[TimeControl "180+1"]
[EndTime "14:56:38 PST"]
[Termination "Game drawn by agreement"]

1. d4 Nf6 2. c4 g6 3. Nf3 Bg7 4. e3 c5 5. d5 d6 6. Nc3 O-O 7. Be2 e6 8. O-O Re8 9. dxe6 Bxe6 10. h3 Nc6 11. e4 a6 12. Bf4 Na5 13. b3 Nd7 14.
Rc1 Ne5 15. Nd5 Nac6 16. Re1 Nxf3+ 17. Bxf3 Bxd5 18. Qxd5 Be5 19. Be3 Bd4 20. Bf4 Be5 21. Bd2 Bd4 22. Qg5 Bf6 23. Qe3 Bd4 24.
Qe2 Bf6 25. Qf1 Bg5 26. Bc3 Bxc1 27. Rxc1 Nd4 28. Qd3 Qf6 29. Bg4 h5 30. Bd1 Qe6 31. f3 Qf6 32. Kh1 Rab8 33. Be2 b5 34. Bf1 b4 35. Bb2 a5 36. Rd1 a4 37. Bxd4 cxd4 38.
Qxd4 Qxd4 39. Rxd4 axb3 40. axb3 Rb6 1/2-1/2

[Event "Late-Titled-Tuesday-Blitz-January-30-2024"]
[Site "Chess.com"]
[Date "2024.01.30"]
[Round "5"]
[White "WindWhistler11"]
[Black "chegueps"]
[Result "1-0"]
[WhiteElo "2488"]
[BlackElo "2607"]
[TimeControl "180+1"]
[EndTime "14:56:39 PST"]
[Termination "WindWhistler11 won on time"]

1. Nf3 Nf6 2. c4 e6 3. g3 d5 4.
Bg2 Be7 5. b3 O-O 6. Bb2 c5 7.
e3 Nc6 8. O-O d4 9. exd4 cxd4 10. d3 a5 11. Re1 Ne8 12. Na3 f6 13. Nb5 e5 14. Nd2 Kh8 15. a3 Bf5 16. Ne4 Nc7 17.
g4 Bg6 18. Ng3 Ne6 19. Bc1 Nc5 20. Nf5 Qd7 21. Qf3 Nxb3 22. Rb1 a4 23. h4 Na7 24.
Qxb7 Qxb7 25. Bxb7 Bxf5 26. gxf5 Rab8 27. Nxa7 Rxb7 28.
Nc6 Bc5 29. Nb4 g6 30. fxg6 Rg8 31. f4 Rxg6+ 32. Kf2 Bxb4 33. axb4 Rxb4 34. fxe5 fxe5 35. Rxe5 Rb8 36. Rf5 Rbg8 37. Bf4 Rg2+ 38. Kf3 Rg1 39. Be5+ R1g7 40. Bxg7+ Rxg7 41. Rf8+ Rg8 42. Rxg8+ Kxg8 43. Rb2 Kf7 44. Ke4 1-0

[Event "Late-Titled-Tuesday-Blitz-January-30-2024"]
[Site "Chess.com"]
[Date "2024.01.30"]
[Round "5"]
[White "Kacparov"]
[Black "Firouzja2003"]
[Result "0-1"]
[WhiteElo "2938"]
[BlackElo "3148"]
[TimeControl "180+1"]
[EndTime "14:56:41 PST"]
[Termination "Firouzja2003 won by resignation"]

1. e4 c5 2. Nf3 d6 3. d4 cxd4 4. Nxd4 Nf6 5. f3 e6 6. c4 Nc6 7. Nc3 Be7 8. Be3 O-O 9. Nc2 b6 10.
Be2 Bb7 11. Qd2 Rc8 12. O-O Na5 13. b3 d5 14. exd5 exd5 15. cxd5 Rxc3 16. Qxc3 Nxd5 17. Qd3 Nxe3 18. Nxe3 Bc5 19. Rad1 Qxd3 20. Rxd3 Ba6 21. Kf2 Bxd3 22. Bxd3 Re8 23. Re1 Nc6 24. Bb5 Rxe3 25.
Rxe3 Nb4 26. Ke2 Bxe3 27. Kxe3 Nxa2 28. Kd4 Kf8 29. Kd5 Ke7 30. Kc6 Nb4+ 31. Kb7 Kd6 32. Kxa7 Kc5 33. Bc4 Nc6+ 34. Kb7 Na5+ 35. Kc7 Nxc4 36.
bxc4 Kxc4 37. Kxb6 Kd4 38. Kc6 Ke3 39. Kd6 Kf2 40.
Ke7 f5 41. Kf7 Kxg2 42. Kxg7 Kxh2 43. Kf6 f4 44. Kg5 Kg3 0-1

[Event "Late-Titled-Tuesday-Blitz-January-30-2024"]
[Site "Chess.com"]
[Date "2024.01.30"]
[Round "5"]
[White "Evgeny81"]
[Black "Msb2"]
[Result "1/2-1/2"]
[WhiteElo "2736"]
[BlackElo "2996"]
[TimeControl "180+1"]
[EndTime "14:56:41 PST"]
[Termination "Game drawn by repetition"]

1. Nf3 d5 2. c4 e6 3. g3 Nf6 4. Bg2 Bd6 5. O-O O-O 6. d4 Nc6 7. Bg5 h6 8. Bxf6 Qxf6 9. e3 dxc4 10. Nfd2 e5 11. d5 Na5 12. Qa4 b6 13. Nxc4 Nxc4 14.
Qxc4 Qe7 15. e4 f5 16. exf5 Bxf5 17. Nc3 a6 18. Ne4 b5 19. Qc3 Qf7 20. Rac1 Qh5 21. Qc6 Qg6 22. Rfe1 Kh8 23. h4 Rfd8 24. Qc3 Qf7 25. Qe3 Bd7 26. Nc5 Bf5 27. Ne6 Re8 28. Be4 Bg4 29. Kg2 Rac8 30. f3 Bxe6 31. dxe6 Qxe6 32.
Bd3 e4 33. Qxe4 Qxe4 34. Rxe4 c5 35. Rxe8+ Rxe8 36. Be4 c4 37. b3 cxb3 38. axb3 a5 39. Rc6 Rd8 40. Rb6 b4 41. Ra6 Bc7 42. Rc6 Bd6 43.
Ra6 Bc7 44. Rc6 Bd6 45. Ra6 1/2-1/2

[Event "Late-Titled-Tuesday-Blitz-January-30-2024"]
[Site "Chess.com"]
[Date "2024.01.30"]
[Round "5"]
[White "jlf287"]
[Black "BardArtem"]
[Result "1-0"]
[WhiteElo "2531"]
[BlackElo "2760"]
[TimeControl "180+1"]
[EndTime "14:56:41 PST"]
[Termination "jlf287 won on time"]

1. d4 Nf6 2. c4 b6 3. Nc3 Bb7 4. Qc2 d5 5. cxd5 Nxd5 6. Nf3 g6 7. e4 Nxc3 8. bxc3 Bg7 9. Bd3 O-O 10. O-O c5 11.
Be3 Nc6 12. d5 Na5 13. Rad1 Qe8 14. c4 Bc8 15. h3 Bd7 16. e5 Ba4 17. Qd2 Bxd1 18.
Rxd1 Qa4 19. Qe2 Rad8 20. h4 b5 21. Bxc5 bxc4 22. Bc2 Qd7 23. Ng5 Nb7 24. e6 fxe6 25.
Nxe6 Nxc5 26. Nxc5 Qb5 27. Ne6 Rxd5 28. Nxf8 Kxf8 29. Qf3+ Rf5 30. Bxf5 Qxf5 31. Qa8+ Kf7 32. Qxa7 c3 33. Re1 Bf6 34. Qa3 Qd3 35. Qb3+ Kg7 36. Rd1 Qe2 37. Rc1 Kh6 38. Qc2 Qe4 39. Qxe4 1-0

[Event "Late-Titled-Tuesday-Blitz-January-30-2024"]
[Site "Chess.com"]
[Date "2024.01.30"]
[Round "5"]
[White "C_K_G"]
[Black "Atousa"]
[Result "1-0"]
[WhiteElo "2173"]
[BlackElo "2397"]
[TimeControl "180+1"]
[EndTime "14:56:42 PST"]
[Termination "C_K_G won on time"]

1. e4 c5 2. Nf3 e6 3. d4 cxd4 4. Nxd4 a6 5. Nc3 Qc7 6. Bd3 Nf6 7. O-O Bc5 8. Nb3 Be7 9. f4 d6 10. Be3 Nbd7 11. Kh1 b5 12. g4 b4 13. Nb1 Bb7 14. Qf3 Nc5 15. N1d2 Nxd3 16. cxd3 Qc2 17. g5 Nd7 18. Bd4 Nc5 19. Bxc5 dxc5 20. Rfc1 Qxb2 21. Rab1 Qxa2 22. Nc4 Rd8 23. f5 exf5 24. Qxf5 Rxd3 25. Ne5 O-O 26. Nxd3 Qe2 27. Ndxc5 Ba8 28. Re1 Qc4 29. Rbc1 Qb5 30. Nd4 Qa5 31. Nd7 Qxf5 32. Nxf5 Rd8 33. Nxe7+ Kh8 34. Ne5 1-0

[Event "Late-Titled-Tuesday-Blitz-January-30-2024"]
[Site "Chess.com"]
[Date "2024.01.30"]
[Round "5"]
[White "StellarChess"]
[Black "Quattroporte300"]
[Result "0-1"]
[WhiteElo "2543"]
[BlackElo "2400"]
[TimeControl "180+1"]
[EndTime "14:56:43 PST"]
[Termination "Quattroporte300 won by checkmate"]

1. d4 d5 2. c4 e6 3. Nf3 c6 4.
Nbd2 Nf6 5. Qc2 Nbd7 6. e4 dxe4 7.
Nxe4 Nxe4 8. Qxe4 Nf6 9. Qc2 c5 10. dxc5 Bxc5 11. Bd3 O-O 12. O-O h6 13. h3 b6 14. Rd1 Qe7 15. a3 Bb7 16. Nd2 Rfd8 17. b4 Bd4 18. Rb1 Rac8 19. Bb2 e5 20. Bxd4 Rxd4 21.
Nb3 Rh4 22. c5 Nh5 23. Bf5 Qg5 24. f4 Nxf4 25. Bxc8 Bxg2 26. Kf2 Nxh3+ 27. Bxh3 Rxh3 28. Rd3 Qf5+ 29. Kxg2 Rxd3 30. Rc1 Qg4+ 31. Kf2 Rf3+ 32. Ke1 Qg1+ 33. Ke2 Qg2+ 34. Ke1 Rf1# 0-1

[Event "Late-Titled-Tuesday-Blitz-January-30-2024"]
[Site "Chess.com"]
[Date "2024.01.30"]
[Round "5"]
[White "Eduard_Limonov"]
[Black "koziororo"]
[Result "1-0"]
[WhiteElo "2881"]
[BlackElo "2613"]
[TimeControl "180+1"]
[EndTime "14:56:44 PST"]
[Termination "Eduard_Limonov won by resignation"]

1. d4 Nf6 2. c4 g6 3. g3 Bg7 4.
Bg2 O-O 5. Nf3 d6 6. O-O Nbd7 7. Nc3 c5 8. e4 cxd4 9. Nxd4 a5 10. b3 Nc5 11. Re1 Ng4 12. f4 e5 13.
Ndb5 exf4 14. Bxf4 Qb6 15. Nd5 Qd8 16. Bxd6 Na6 17.
h3 Ne5 18. Be7 Qe8 19. Nd6 Qc6 20. Nf6+ Bxf6 21. Bxf6 Qc5+ 22. Kh2 Nc7 23. Be7 Re8 24. Nxe8 Qxe7 25. Nxc7 Qxc7 26. Qd4 Be6 27. Rad1 Nc6 28. Qd6 Qb6 29. Qf4 h5 30. e5 a4 31. Qe3 Qc7 32. Rd6 axb3 33. axb3 Ne7 34. Qg5 Nf5 35. Rxe6 fxe6 36.
Qxg6+ Ng7 37. Be4 Ra2+ 38. Kh1 Rf2 39. Qh7+ Kf7 40. Bg6+ 1-0

[Event "Late-Titled-Tuesday-Blitz-January-30-2024"]
[Site "Chess.com"]
[Date "2024.01.30"]
[Round "5"]
[White "GothamChess"]
[Black "GasconJR"]
[Result "0-1"]
[WhiteElo "2736"]
[BlackElo "2595"]
[TimeControl "180+1"]
[EndTime "14:56:44 PST"]
[Termination "GasconJR won by checkmate"]

1. e4 c6 2. d4 d5 3. Nc3 dxe4 4. Nxe4 Nf6 5. Ng5 h6 6. Nxf7 Kxf7 7. Nf3 e6 8. Ne5+ Kg8 9. Bd3 Nbd7 10. Ng6 Nb6 11. O-O c5 12. Nxh8 Kxh8 13. dxc5 Bxc5 14. Qf3 Qd5 15. Qe2 e5 16. Be3 Bg4 17. f3 e4 18.
Rad1 exd3 19. Rxd3 Qc4 20. b3 Qe6 21. Qf2 Bxe3 22.
Rxe3 Qc6 23. c4 Bf5 24. Rfe1 Bg6 25. Qg3 Kh7 26. h4 Re8 27. Qf4 Rxe3 28. Qxe3 Nbd7 29. Rd1 Qc5 30. Rd4 Qe5 31. Qd2 Nc5 32. h5 Nxh5 33.
Rd5 Qa1+ 34. Kh2 Ne6 35. Qe3 Nhf4 36. g3 Nxd5 37. cxd5 Qb2+ 38. Kh3 Ng5+ 39. Kg4 Qf6 40. f4 Qf5+ 41. Kh4 Qh3# 0-1